 Dungeon Crawl Stone Soup version 0.19.3 (webtiles) character file.

8547 dngmouse the Basher (level 11, -17/102 HPs)
             Began as a Minotaur Fighter on Jan 23, 2017.
             Was a High Priest of Okawaru.
             Demolished by Rupert
             ... wielding a +2 great sword of holy wrath
              (30 damage)
             ... on level 12 of the Dungeon.
             The game lasted 00:26:52 (11010 turns).

dngmouse the Basher (Minotaur Fighter)             Turns: 11010, Time: 00:26:52

Health: -17/102    AC: 21    Str: 21    XL:     11   Next: 11%
Magic:  10/16      EV:  8    Int:  5    God:    Okawaru [*****.]
Gold:   538        SH: 11    Dex: 13    Spells: 0 memorised, 10 levels left

rFire  . . .     SeeInvis .     a - +1 whip (venom)
rCold  + . .     Gourm    .     N - +0 plate armour
rNeg   . . .     Faith    +     F - +0 shield
rPois  .         Spirit   .     (helmet restricted)
rElec  .         Reflect  .     k - +1 cloak
rCorr  .         Harm     .     H - +0 pair of gloves
MR     .....                    o - +0 pair of boots
Stlth  ..........               q - amulet of faith
                                (no ring)
                                s - ring of protection from cold

@: heroism, finesse
A: retaliatory headbutt, horns 2
a: Heroism, Finesse, Renounce Religion


You were on level 12 of the Dungeon.
You worshipped Okawaru.
Okawaru was extremely pleased with you.
You were not hungry.

You visited 1 branch of the dungeon, and saw 10 of its levels.
You also visited: Sewer.

You collected 575 gold pieces.
You spent 37 gold pieces at shops.

Inventory:

Hand Weapons
 a - a +1 whip of venom (weapon)
 b - a +1 antimagic flail
 c - a +0 whip of draining
 d - a +0 flail
Armour
 k - a +1 cloak (worn)
 o - a +0 pair of boots (worn)
 F - a +0 shield (worn)
 H - a +0 pair of gloves (worn)
 N - a +0 plate armour (worn)
Jewellery
 q - an amulet of faith (around neck)
 s - a ring of protection from cold (left hand)
 v - an uncursed ring of stealth {unknown}
Wands
 L - a wand of acid (6/15)
 M - a wand of confusion (34/48)
Scrolls
 g - 2 scrolls of random uselessness {unknown}
 i - 5 scrolls of fear {unknown}
 m - 7 scrolls of identify {unknown}
 n - 3 scrolls of amnesia {unknown}
 p - 3 scrolls of recharging {unknown}
 r - 2 scrolls of noise {unknown}
 y - 2 scrolls of immolation {unknown}
 B - a scroll of enchant weapon {unknown}
 C - 8 scrolls of teleportation {unknown}
 D - a scroll of fog {unknown}
 G - a scroll of magic mapping {unknown}
 J - 2 scrolls of blinking {unknown}
 K - 6 scrolls of remove curse {unknown}
Potions
 e - a potion of flight
 j - 6 potions of curing
 t - 2 potions of degeneration
 u - a potion of might
 w - 3 potions of mutation
 x - a potion of brilliance
Books
 I - the Grimoire of Dark Aid
   (You found it on level 6 of the Dungeon)

   Spells                             Type                      Level
   a - Swiftness                      Charms/Air                   2
   b - Corpse Rot                     Necromancy                   2
   c - Vampiric Draining              Necromancy                   3
   d - Animate Dead                   Necromancy                   4
   e - Death Channel                  Necromancy                   6
Comestibles
 f - 11 bread rations
 h - 3 beef jerkies
 l - 2 royal jellies
 A - 4 slices of pizza
 E - 4 meat rations


   Skills:
 * Level 11.2(16.2) Fighting
 - Level 12.6(17.6) Maces & Flails
 + Level 7.6(12.6) Armour
 - Level 3.6(8.6) Shields
 * Level 8.5 Invocations


You had 10 spell levels left.
You didn't know any spells.

Dungeon Overview and Level Annotations

Branches:
Dungeon (9/15)             Temple (0/1) D:7
   Lair: D:8-11         Orc: D:9-12

Altars:
Ashenzari
Cheibriados
Kikubaaqudgha
Okawaru
Qazlal
Ru
Sif Muna
Trog
Uskayaw
Xom
Zin

Shops:
D:6 ((*

Annotations:
D:12 Rupert


Innate Abilities, Weirdness & Mutations

You reflexively headbutt those who attack you in melee.
You have a pair of horns on your head.


Message History

You headbutt Rupert, but do no damage.
Rupert is moderately wounded.
Rupert barely misses you.
You whack Rupert!
Rupert is moderately wounded.
You hit Rupert but do no damage.
Rupert looks as sick as possible!
You headbutt Rupert!
Rupert is moderately wounded.
You closely miss Rupert. You headbutt Rupert, but do no damage.
Rupert is moderately wounded.
Rupert hits you with a great sword of holy wrath!
* * * LOW HITPOINT WARNING * * *
There is a stone staircase leading up here.
Things that are here:
a whip; a big kobold corpse
Items here: (( ) † a poisoned needle; a stone; a short sword; a kobold corpse You block Rupert's attack.
Rupert hits you with a great sword of holy wrath!!
You die...

##......####..##.
#............##.
#####......##....###
##.........###.#.....
.....................
#.............#.....
#.#.......#####.....
.######...........###.....
........@@................
######.#...#####.###.....
#(##### #.# ######
##<#########.#
#))).......#.#
#....).....#.#
#..........+.#
#....%.....#.#
#..........#.#


You could see Rupert (berserk).

Vanquished Creatures
  The ghost of Arnot the Basher, a novice HOFi of Okawaru (D:6)
  2 hill giants (D:12)
  The ghost of markt42 the Cleaver, a novice HOFi (D:5)
  Maurice (D:8)
  A centaur skeleton (D:12)
  Grinder (Sewer)
  A hornet (D:8)
  2 hippogriffs (D:7)
  A shadow (D:12)
  A spriggan (D:8)
  4 yaks (D:9)
  A wraith (D:12)
  3 orc warriors
  2 sky beasts (D:6)
  3 ice beasts
  A black bear (D:9)
  A necrophage (D:6)
  4 ogres (D:5)
  A centaur (D:9)
  2 big kobolds
  7 bullfrogs
  A gnoll sergeant (D:9)
  A water moccasin zombie (D:8)
  4 scorpions
  A wyvern skeleton (D:6)
  3 wights (D:7)
  4 howler monkeys (D:7)
  The ghost of dscm the Sneak, a weakling OpEE (D:4)
  3 crimson imps
  A centaur zombie (D:5)
  A quasit (Sewer)
  A bullfrog zombie (D:12)
  3 gnoll shamans (D:5)
  5 hounds
  A jelly (D:8)
  2 orc priests
  2 iguanas
  2 orc wizards
  3 worker ants
  A killer bee zombie (D:5)
  3 big kobold zombies (Sewer)
  A hound skeleton (D:5)
  A worker ant zombie (D:8)
  54 gnolls
  A howler monkey skeleton (D:4)
  9 adders
  6 shadow imps
  3 ufetubi (Sewer)
  2 oozes
  8 worms
  4 leopard geckos
  39 orcs
  5 giant cockroaches
  11 goblins
  4 hobgoblins
  14 jackals
  3 quokkas
  3 ball pythons
  5 bats
  3 frilled lizards
  25 kobolds
  A quokka skeleton (D:4)
  6 rats
292 creatures vanquished.

Vanquished Creatures (others)
  2 ogres (D:5)
  A centaur (D:5)
  A crimson imp (D:5)
  An iguana (D:5)
  2 orcs (D:5)
  2 quokkas (D:5)
9 creatures vanquished.

Grand Total: 301 creatures vanquished

Notes
Turn   | Place    | Note
-------+----------+-------------------------------------------
     0 | D:1      | dngmouse the Minotaur Fighter began the quest for the Orb.
     0 | D:1      | Reached XP level 1. HP: 19/19 MP: 0/0
    60 | D:1      | Reached skill level 3 in Maces & Flails
    74 | D:1      | Reached XP level 2. HP: 22/27 MP: 1/1
   674 | D:2      | Reached XP level 3. HP: 32/33 MP: 2/2
   902 | D:2      | Reached skill level 4 in Maces & Flails
  1100 | D:2      | Reached XP level 4. HP: 22/41 MP: 3/3
  1674 | D:2      | Reached skill level 5 in Maces & Flails
  1932 | D:3      | Reached XP level 5. HP: 47/47 MP: 4/4
  1952 | D:3      | Reached skill level 6 in Maces & Flails
  1964 | D:3      | Found a glowing drain.
  1976 | Sewer    | Entered a sewer
  2405 | Sewer    | Found a burning altar of Makhleb.
  2439 | Sewer    | Reached skill level 7 in Maces & Flails
  2447 | Sewer    | Reached XP level 6. HP: 44/53 MP: 5/5
  2465 | Sewer    | Noticed Grinder
  2478 | Sewer    | Killed Grinder
  2478 | Sewer    | Reached skill level 8 in Maces & Flails
  2478 | Sewer    | Reached XP level 7. HP: 29/60 MP: 6/6
  2512 | Sewer    | Reached skill level 9 in Maces & Flails
  2809 | D:3      | Found a snail-covered altar of Cheibriados.
  2815 | D:3      | Found a bloodstained altar of Trog.
  2820 | D:3      | Found a shattered altar of Ashenzari.
  2820 | D:3      | Found a glowing silver altar of Zin.
  2820 | D:3      | Found a hide-covered altar of Uskayaw.
  2820 | D:3      | Found a stormy altar of Qazlal.
  2825 | D:3      | Found a deep blue altar of Sif Muna.
  3323 | D:3      | Found a sacrificial altar of Ru.
  3324 | D:3      | Found an iron altar of Okawaru.
  3327 | D:3      | Became a worshipper of Warmaster Okawaru
  3776 | D:4      | Noticed dscm's ghost (weakling OpEE)
  3790 | D:4      | Killed dscm's ghost
  4178 | D:5      | Entered Level 5 of the Dungeon
  4203 | D:5      | Reached skill level 10 in Maces & Flails
  4209 | D:5      | Found an ancient bone altar of Kikubaaqudgha.
  4422 | D:5      | Found a shimmering altar of Xom.
  4428 | D:5      | Reached * piety under Okawaru
  4726 | D:5      | Reached XP level 8. HP: 50/67 MP: 7/7
  4881 | D:5      | Reached skill level 11 in Maces & Flails
  5034 | D:5      | Noticed markt42's ghost (novice HOFi)
  5077 | D:5      | Killed markt42's ghost
  5077 | D:5      | Reached ** piety under Okawaru
  5077 | D:5      | Reached skill level 12 in Maces & Flails
  5517 | D:5      | Reached skill level 5 in Fighting
  5542 | D:5      | Reached skill level 1 in Invocations
  5787 | D:5      | Reached *** piety under Okawaru
  5787 | D:5      | Reached XP level 9. HP: 70/74 MP: 9/9
  6548 | D:6      | Found Pump's General Store.
  6554 | D:6      | Bought a potion of mutation for 37 gold pieces
  6617 | D:6      | Found Qealuan's Weapon Emporium.
  7004 | D:6      | Identified the Grimoire of Dark Aid
  7022 | D:6      | Reached **** piety under Okawaru
  7273 | D:6      | Noticed Arnot's ghost (novice HOFi)
  7303 | D:6      | Killed Arnot's ghost
  7303 | D:6      | Reached skill level 5 in Armour
  7303 | D:6      | Reached skill level 5 in Invocations
  7718 | D:6      | Found Vafetoq's Antique Weapon Emporium.
  7801 | D:7      | Found a staircase to the Ecumenical Temple.
  8330 | D:7      | Reached XP level 10. HP: 90/90 MP: 13/13
  8802 | D:7      | Reached ***** piety under Okawaru
  9660 | D:8      | Noticed Maurice
  9682 | D:8      | Killed Maurice
 10008 | D:9      | Reached skill level 10 in Fighting
 10221 | D:9      | Received a gift from Okawaru
 10597 | D:9      | You fall through a shaft for 3 floors!
 10705 | D:12     | Noticed a hill giant
 10727 | D:12     | Killed a hill giant
 10727 | D:12     | Received a gift from Okawaru
 10824 | D:12     | Reached XP level 11. HP: 100/102 MP: 7/16
 10843 | D:12     | Noticed a hill giant
 10864 | D:12     | Killed a hill giant
 10975 | D:12     | Noticed Rupert
 10980 | D:12     | Paralysed by Rupert for 6 turns
 11010 | D:12     | Demolished by Rupert

Skill      XL: |  1  2  3  4  5  6  7  8  9 10 |
---------------+-------------------------------+-----
Maces & Flails | 3 4 5 7 8 10 12 | 12.6
Fighting       | 4 5 8 11 | 11.2
Invocations    | 2 5 8 |  8.5
Armour         | 5 7 |  7.6
Shields        | |  3.6

Action                   |  1- 3 |  4- 6 |  7- 9 | 10-12 || total
-------------------------+-------+-------+-------+-------++-------
Melee: Flail             |    77 |    84 |       |       ||   161
       Headbutt          |    14 |    20 |   125 |   103 ||   262
       Whip              |       |    72 |   551 |   389 ||  1012
Invok: Heroism           |       |       |     3 |     4 ||     7
       Finesse           |       |       |       |     2 ||     2
Evoke: Wand              |       |       |       |     1 ||     1
  Use: Potion            |       |     2 |     8 |     4 ||    14
  Eat: Chunk             |     1 |     3 |    18 |     8 ||    30
       Fruit             |       |       |     3 |       ||     3
Armor: Scale mail        |    32 |    59 |    31 |       ||   122
       Chain mail        |       |       |   121 |    27 ||   148
       Plate armour      |       |       |       |    97 ||    97
Dodge: Dodged            |    16 |    50 |    72 |    40 ||   178
Block: Shield            |    46 |    83 |   184 |    81 ||   394
